 Dungeon Crawl Stone Soup version 0.27-a0-61-g21144fbd99 (webtiles) character file.

Game seed: 5858147267431665748

77 thedisplayname the Skirmisher (level 4, -1/35 HPs)
             Began as a Demonspawn Chaos Knight on Jan 8, 2021.
             Was a Plaything of Xom.
             Slain by an adder (5 damage)
             ... summoned by a boggart
             ... on level 2 of the Dungeon.
             The game lasted 00:07:14 (1097 turns).

thedisplayname the Skirmisher (DsCK)                Turns: 1097, Time: 00:07:15

Health: -1/35      AC:  5    Str: 14    XL:     4   Next: 14%
Magic:  4/4        EV: 11    Int: 13    God:    Xom [...*..]
Gold:   67         SH:  0    Dex: 12    Spells: 3/3 levels left

rFire    . . .     SeeInvis .   a - +0 falchion (chaos)
rCold    . . .     Faith    .   (no shield)
rNeg     . . .     Spirit   .   b - +2 leather armour
rPois    .         Reflect  .   (helmet restricted)
rElec    .         Harm     .   (no cloak)
rCorr    .         Rampage  .   (no gloves)
Will     .....                  (no boots)
Stlth    +.........             (no amulet)
HPRegen  0.11/turn              (no ring)
MPRegen  0.09/turn              (no ring)

@: lethally poisoned (-1 -> -30)
A: hooves 1, horns 2, sturdy frame 1
a: Renounce Religion


You were on level 2 of the Dungeon.
You worshipped Xom.
You were a favourite toy of Xom.
You visited 1 branch of the dungeon, and saw 2 of its levels.

You collected 67 gold pieces.

Inventory:

Hand Weapons
 a - a +0 falchion of chaos (weapon)
Armour
 b - a +2 leather armour (worn)
 e - a +0 robe
Scrolls
 f - a scroll of amnesia {unknown}
 g - a scroll of blinking
Potions
 c - a potion of curing


   Skills:
 + Level 3.5 Fighting
 + Level 3.2 Long Blades
 * Level 3.1 Armour
 - Level 0.8 Dodging


You had 3 spell levels left.
You didn't know any spells.
Your spell library was empty.

Dungeon Overview and Level Annotations

Branches:
Dungeon (2/15)

Altars:


Innate Abilities, Weirdness & Mutations

You have a pair of horns on your head.
Your movements are slightly less encumbered by armour. (ER -2)
You have large cloven feet.


Message History

You feel sick. Something bites you.
You are more poisoned.
Something poisons you!
Unknown command.
You closely miss something.
You feel very sick. Something bites you.
You are more poisoned.
Something poisons you! Something bites you but does no damage.
Unknown command.
You feel sick. Something bites you.
* * * LOW HITPOINT WARNING * * *
You are more poisoned.
Something poisons you!
* * * LOW HITPOINT WARNING * * *
You feel very sick.
* * * LOW HITPOINT WARNING * * *
You feel sick. Something bites you.
You die...
Xom yawns loudly!

####### #.....#
#.....############
#......@...gb.....
#.....###..#######
#########.....#
#..#
##.....<.....###
#..#
##.###########
#..# ##.# #..#
##.# #..#
##.######### ...#
##..........


You could see a boggart (caught, petrified) and a bat (summoned).

Vanquished Creatures
  Jessica (D:2)
  An adder (D:2)
  An ooze (D:1)
  A dart slug (D:2)
  A leopard gecko (D:2)
  6 bats (D:1)
  5 goblins
  4 hobgoblins
  3 jackals (D:1)
  2 quokkas (D:2)
  A ball python (D:1)
  A frilled lizard (D:1)
  5 kobolds
  A rat (D:1)
33 creatures vanquished.

Notes
Turn   | Place    | Note
-------+----------+-------------------------------------------
     0 | D:1      | thedisplayname the Demonspawn Chaos Knight began the quest
                  | for the Orb.
     0 | D:1      | Reached XP level 1. HP: 18/18 MP: 1/1
     2 | D:1      | Noticed a felid
     2 | D:1      | Noticed a ghoul
     4 | D:1      | Noticed a human
     6 | D:1      | Noticed an ogre
     6 | D:1      | Noticed a minotaur
     8 | D:1      | Noticed a vampire
    10 | D:1      | Noticed a vine stalker
    10 | D:1      | Noticed a tengu
    12 | D:1      | Noticed a demonspawn
    12 | D:1      | Noticed a draconian
    14 | D:1      | Noticed a dwarf
    14 | D:1      | Noticed a centaur
    16 | D:1      | Noticed an elf
    16 | D:1      | Noticed a demigod
    18 | D:1      | Noticed a formicid
    18 | D:1      | Noticed a spriggan
    20 | D:1      | Noticed a naga
    20 | D:1      | Noticed an octopode
    23 | D:1      | Noticed a merfolk
    27 | D:1      | Noticed a troll
    27 | D:1      | Noticed a halfling
    33 | D:1      | Noticed a gargoyle
    81 | D:1      | Gained mutation: You have a pair of small horns on your
                  | head. [demonic ancestry]
    81 | D:1      | Reached XP level 2. HP: 18/24 MP: 2/2
    82 | D:1      | XOM: silly message
   105 | D:1      | XOM: god gift: robe {god gift}
   263 | D:1      | XOM: draining
   307 | D:1      | XOM: give mutation
   307 | D:1      | Gained mutation: You have large cloven feet. [Xom's grace]
   596 | D:1      | Gained mutation: You have a pair of horns on your head.
                  | [demonic ancestry]
   596 | D:1      | Reached XP level 3. HP: 24/26 MP: 3/3
   658 | D:1      | XOM: cloud trail
   906 | D:2      | Noticed Jessica
   908 | D:2      | Killed Jessica
   909 | D:2      | Gained mutation: Your movements are slightly less
                  | encumbered by armour. (ER -2) [demonic ancestry]
   909 | D:2      | Reached XP level 4. HP: 35/35 MP: 4/4
  1082 | D:2      | Noticed a boggart
  1082 | D:2      | a worm changed into a boggart
  1082 | D:2      | XOM: polymorph worm -> boggart
  1097 | D:2      | Slain by an adder

Illustrated notes

Levels and vault maps discovered:
D:1:      kb_arrival_jail, layout_basic
D:2:      layout_loops_ring, makhleb_altar_promises_db, uniq_jessica

Skill      XL: |  1  2  3 |
---------------+----------+-----
Armour         | 2 3 |  3.1
Long Blades    | 3 |  3.2
Fighting       | |  3.5
Dodging        | |  0.8

Action                   |  1- 3 |  4- 6 || total
-------------------------+-------+-------++-------
Melee: Falchion          |    70 |    21 ||    91
       Kick              |     8 |     5 ||    13
       Headbutt          |     6 |     3 ||     9
Throw: Throwing net      |       |     1 ||     1
  Use: Scroll            |     6 |       ||     6
       Potion            |     1 |       ||     1
 Stab: Petrified         |       |     5 ||     5
Armor: Leather armour    |    36 |     4 ||    40
Dodge: Dodged            |    52 |    10 ||    62
       Rpst.: Falchion   |    11 |     2 ||    13

Table legend: (Time is in decaauts)
 A = Elapsed time spent in this place.
 B = Non-inter-level travel time spent in this place.
 C = Inter-level travel time spent in this place.
 D = Time resting spent in this place.
 E = Time spent auto-exploring this place.
 F = Levels seen in this place.
 G = Mean time per level.
                   A        B        C        D        E       F      G
               +--------+--------+--------+--------+--------+-----+--------+
         Total |   1111 |   1111 |      0 |      0 |    796 |   2 |  555.5 |
       Dungeon |   1111 |   1111 |      0 |      0 |    796 |   2 |  555.5 |
               +--------+--------+--------+--------+--------+-----+--------+

Top non-repeatable levels by time:
     D:1: 735 daAuts
     D:2: 376 daAuts
